[Event "13th Senioren-Cup Tegernsee 2025"]
[Site "Rottach-Egern"]
[Date "2025.03.29"]
[Round "1.1"]
[White "Schneider-Zinner, Harald"]
[Black "Steiger, Michael"]
[Result "1-0"]
[Annotator "RC"]
[ECO "D02"]
[WhiteElo "2327"]
[BlackElo "1916"]
[PlyCount "77"]
[EventDate "2025.03.25"]
[EventType "swiss"]
[EventCountry "GER"]
[SourceTitle "playchess.com"]
[Source "ChessBase"]
[SourceQuality "1"]
[TimeControl "9000+30"]

1. d4 Nf6 2. Nf3 g6 3. Nbd2 d5 4. b4 Bg7 5. e3 O-O 6. Bb2 a5 7. b5 c6 8. a4 Nbd7 9. c4 c5 10. Qb3 e6 11. Be2 b6 12. O-O Bb7 13. Rac1 Rc8 14. Qa2 Ne4 15. Rfd1 Qc7 16. Qb1 Nxd2 17. Rxd2 Rfd8 18. cxd5 Bxd5 19. e4 Bb7 20. d5 exd5 21. exd5 Bh6 22. d6 Qb8 23. Rdd1 c4 24. Rxc4 Rxc4 25. Bxc4 Bxf3 26. gxf3 Nc5 27. Be5 Rd7 28. Qc2 Qd8 29. Bd5 Bf8 30. Qd2 Qh4 31. Bc6 Rd8 32. Qf4 Qxf4 33. Bxf4 Nxa4 34. d7 Nc5 35. Bg5 Ne6 36. Bxd8 Nxd8 37. Re1 a4 38. Re8 Ne6 39. Rxe6 1-0

[Event "13th Senioren-Cup Tegernsee 2025"]
[Site "Rottach-Egern"]
[Date "2025.03.29"]
[Round "1.2"]
[White "Miller, Klaus"]
[Black "Heinbuch, Detlef Ulrich"]
[Result "0-1"]
[Annotator "ChessBase"]
[ECO "B22"]
[WhiteElo "1911"]
[BlackElo "2263"]
[PlyCount "66"]
[EventDate "2025.03.25"]
[EventType "swiss"]
[EventCountry "GER"]
[SourceTitle "playchess.com"]
[Source "ChessBase"]
[SourceQuality "1"]
[TimeControl "9000+30"]

1. e4 c5 2. c3 g6 3. d4 cxd4 4. cxd4 d5 5. e5 Nc6 6. Nc3 Bg7 7. h3 Nh6 8. Nf3 O-O 9. Qb3 Nf5 10. Be3 Nxe3 11. fxe3 e6 12. O-O-O Bh6 13. Re1 Bd7 14. Kb1 Na5 15. Qc2 Rc8 16. g4 Nc4 17. Bxc4 Rxc4 18. h4 Qe7 19. g5 Bg7 20. h5 Rfc8 21. hxg6 hxg6 22. Nd2 Rxc3 23. bxc3 Qxg5 24. Rh3 Ba4 25. Qxa4 Qf5+ 26. Kb2 Qxh3 27. Qd7 Rf8 28. Qxb7 Bh6 29. Nf1 Qg2+ 30. Kb3 a5 31. a3 a4+ 32. Kxa4 Qc2+ 33. Kb5 Qb3+ 0-1

[Event "13th Senioren-Cup Tegernsee 2025"]
[Site "Rottach-Egern"]
[Date "2025.03.29"]
[Round "1.3"]
[White "Belke, Frank"]
[Black "Wagner, Bernd"]
[Result "1-0"]
[Annotator "ChessBase"]
[ECO "B38"]
[WhiteElo "2235"]
[BlackElo "2069"]
[PlyCount "53"]
[EventDate "2025.03.25"]
[EventType "swiss"]
[EventCountry "GER"]
[SourceTitle "playchess.com"]
[Source "ChessBase"]
[SourceQuality "1"]
[TimeControl "9000+30"]

1. d4 Nf6 2. c4 c5 3. Nf3 g6 4. Nc3 cxd4 5. Nxd4 Bg7 6. e4 d6 7. Be2 O-O 8. O-O Nc6 9. Be3 Nxd4 10. Bxd4 b6 11. f4 e6 12. Bf3 Bb7 13. Qd2 Qe7 14. Rad1 Rfd8 15. Bf2 Rac8 16. b3 Bc6 17. Rfe1 Qb7 18. Bh4 Rd7 19. Nd5 exd5 20. exd5 Nxd5 21. Bxd5 Bxd5 22. Qxd5 Qxd5 23. Rxd5 Rc5 24. Re8+ Bf8 25. Bf6 Rxd5 26. cxd5 h6 27. Rc8 1-0

[Event "13th Senioren-Cup Tegernsee 2025"]
[Site "Rottach-Egern"]
[Date "2025.03.29"]
[Round "1.4"]
[White "Zoll, Detlef"]
[Black "Pieper, Thomas"]
[Result "0-1"]
[Annotator "RC"]
[ECO "E81"]
[WhiteElo "1907"]
[BlackElo "2178"]
[PlyCount "100"]
[EventDate "2025.03.25"]
[EventType "swiss"]
[EventCountry "GER"]
[SourceTitle "playchess.com"]
[Source "ChessBase"]
[SourceQuality "1"]
[TimeControl "9000+30"]

1. d4 Nf6 2. c4 g6 3. Nc3 Bg7 4. e4 d6 5. f3 O-O 6. Be3 c5 7. Nge2 Nc6 8. d5 Ne5 9. Ng3 h5 10. Be2 e6 11. O-O exd5 12. cxd5 Ne8 13. Qd2 Rb8 14. a4 a6 15. Rfc1 Nc7 16. Rab1 b5 17. b3 Bd7 18. Bh6 bxa4 19. bxa4 Rb4 20. Bxg7 Kxg7 21. h3 f6 22. f4 Nf7 23. Bd1 h4 24. Nge2 a5 25. Na2 Qe8 26. Nxb4 axb4 27. Qc2 Qa8 28. Rxb4 Nxd5 29. Rbb1 Nb4 30. Qc4 Bc8 31. Nc3 Ba6 32. Nb5 Nc6 33. Qd5 Bb7 34. Nxd6 Nxd6 35. Qxd6 Nd8 36. Qxc5 Bxe4 37. Rb2 Rf7 38. Rb6 Bxg2 39. Qe3 Bh1 40. Qf2 Re7 41. Bb3 Qe4 42. Kh2 Bf3 43. Rc4 Qa8 44. Rc2 Qe4 45. Rd2 Qxf4+ 46. Kg1 Re3 47. Bd1 Qg5+ 48. Kf1 Bxd1 49. Rd7+ Kh6 50. Rxd1 Ne6 0-1

[Event "13th Senioren-Cup Tegernsee 2025"]
[Site "Rottach-Egern"]
[Date "2025.03.29"]
[Round "1.5"]
[White "Loew, Gerald"]
[Black "Mitschka, Manfred"]
[Result "1-0"]
[Annotator "RC"]
[ECO "A10"]
[WhiteElo "2175"]
[BlackElo "1898"]
[PlyCount "79"]
[EventDate "2025.03.25"]
[EventType "swiss"]
[EventCountry "GER"]
[SourceTitle "playchess.com"]
[Source "ChessBase"]
[SourceQuality "1"]
[TimeControl "9000+30"]

1. c4 b6 2. Nc3 Bb7 3. e4 e6 4. g3 f5 5. d3 Nf6 6. Bg2 Bb4 7. Nge2 fxe4 8. O-O Bxc3 9. Nxc3 O-O 10. dxe4 Nc6 11. e5 Ne8 12. Bf4 Rb8 13. Qg4 Qe7 14. Rad1 Na5 15. Rd4 Bxg2 16. Kxg2 Nc6 17. Re4 Rf5 18. h4 Qf7 19. Qe2 g6 20. Rd1 Qg7 21. g4 Rf7 22. Qd2 Qf8 23. a3 a5 24. Nb5 Rc8 25. Qe3 Ng7 26. Bg5 Ne8 27. Kg3 Ng7 28. Rd3 h5 29. f3 Kh7 30. Kg2 Kh8 31. Qd2 hxg4 32. fxg4 Nb8 33. Bf6 Qg8 34. Rh3 Kh7 35. Qg5 Nh5 36. gxh5 gxh5 37. Rg3 Rxf6 38. Qxf6 Rf8 39. Rxg8 Rxf6 40. Rxb8 1-0

[Event "13th Senioren-Cup Tegernsee 2025"]
[Site "Rottach-Egern"]
[Date "2025.03.29"]
[Round "1.6"]
[White "Gutt, Oswald"]
[Black "Hess, Christian"]
[Result "0-1"]
[Annotator "RC"]
[ECO "D95"]
[WhiteElo "1895"]
[BlackElo "2168"]
[PlyCount "114"]
[EventDate "2025.03.25"]
[EventType "swiss"]
[EventCountry "GER"]
[SourceTitle "playchess.com"]
[Source "ChessBase"]
[SourceQuality "1"]
[TimeControl "9000+30"]

1. d4 d5 2. Nf3 Nf6 3. c4 c6 4. e3 g6 5. Nc3 Bg7 6. Qb3 O-O 7. Bd2 e6 8. Be2 Nbd7 9. O-O b6 10. cxd5 exd5 11. Rfc1 Bb7 12. Na4 Ne4 13. Be1 Rb8 14. Qa3 a5 15. Rab1 Re8 16. b4 Bf8 17. Qb2 axb4 18. Bxb4 c5 19. Be1 c4 20. Nc3 Ra8 21. Nb5 Bc6 22. Rc2 Ra4 23. Ne5 Nxe5 24. dxe5 Bc5 25. Nd4 Bd7 26. Nb5 Qb8 27. Nd6 Nxd6 28. exd6 Bf5 29. Rd1 Bxc2 30. Qxc2 Qa8 31. Bf3 Rxa2 32. Qc3 Bxd6 33. Bxd5 Qa4 34. Qf6 Be5 35. Bxf7+ Kf8 36. Bxe8+ Bxf6 37. Bxa4 Rxa4 38. Kf1 b5 39. Rd7 Ra1 40. Ke2 c3 41. Rc7 b4 42. Rc4 Rb1 43. Rc6 Kf7 44. f4 Ke7 45. e4 Bd4 46. Rc4 Rb2+ 47. Kd3 Bg1 48. h3 h5 49. g4 Bh2 50. Bh4+ Ke6 51. f5+ gxf5 52. exf5+ Kd5 53. Bg5 hxg4 54. hxg4 Be5 55. Be3 Rd2+ 56. Bxd2 cxd2 57. Kxd2 Kxc4 0-1

[Event "13th Senioren-Cup Tegernsee 2025"]
[Site "Rottach-Egern"]
[Date "2025.03.29"]
[Round "1.7"]
[White "Cordts, Ingo"]
[Black "Keeve, Martin"]
[Result "1-0"]
[Annotator "ChessBase"]
[ECO "B38"]
[WhiteElo "2151"]
[BlackElo "1893"]
[PlyCount "65"]
[EventDate "2025.03.25"]
[EventType "swiss"]
[EventCountry "GER"]
[SourceTitle "playchess.com"]
[Source "ChessBase"]
[SourceQuality "1"]
[TimeControl "9000+30"]

1. d4 g6 2. c4 Bg7 3. e4 c5 4. Nf3 cxd4 5. Nxd4 Nc6 6. Be3 d6 7. Nc3 Nf6 8. Be2 Bd7 9. Qd2 a5 10. O-O a4 11. Rfc1 O-O 12. f3 Nxd4 13. Bxd4 Bc6 14. b4 axb3 15. axb3 Qc7 16. b4 Rfc8 17. g4 Ne8 18. Rd1 e6 19. Bxg7 Kxg7 20. Rxa8 Rxa8 21. c5 b5 22. cxd6 Qd7 23. Qd4+ Kg8 24. Qb6 Ra7 25. Bxb5 Bxb5 26. Qxb5 Nf6 27. e5 Rb7 28. Qc4 Ne8 29. b5 f6 30. Ne4 fxe5 31. Nc5 Qd8 32. Nxb7 Qb6+ 33. Qc5 1-0

[Event "13th Senioren-Cup Tegernsee 2025"]
[Site "Rottach-Egern"]
[Date "2025.03.29"]
[Round "1.8"]
[White "Lindam, Ingo"]
[Black "Kopischke, Maik"]
[Result "1-0"]
[Annotator "RC"]
[ECO "B07"]
[WhiteElo "2151"]
[BlackElo "1876"]
[PlyCount "87"]
[EventDate "2025.03.25"]
[EventType "swiss"]
[EventCountry "GER"]
[SourceTitle "playchess.com"]
[Source "ChessBase"]
[SourceQuality "1"]
[TimeControl "9000+30"]

1. d4 Nf6 2. Bg5 d6 3. Nc3 Nbd7 4. e4 g6 5. Bc4 h6 6. Bh4 Nb6 7. Bb3 c6 8. Qe2 Qc7 9. O-O-O Bg7 10. Nf3 Bg4 11. e5 Nfd5 12. Nxd5 Nxd5 13. Rhe1 e6 14. exd6 Qxd6 15. Bg3 Qd8 16. c4 Nf6 17. h3 Bxf3 18. Qxf3 O-O 19. Be5 Nd7 20. Bd6 Re8 21. Kb1 Qa5 22. Re3 Rad8 23. Qg3 Rc8 24. Bc2 Nf6 25. Qf3 Rcd8 26. Ra3 Qh5 27. g4 Qh4 28. Be5 a6 29. Qg2 Nd7 30. Bc7 Rc8 31. Bd6 Bf8 32. Bg3 Qd8 33. Rad3 Nb6 34. b3 a5 35. h4 a4 36. h5 g5 37. Rf3 Bg7 38. Be5 axb3 39. axb3 Ra8 40. Qf1 f6 41. Qd3 Qe7 42. Qh7+ Kf8 43. Bxf6 Bxf6 44. Qh8+ 1-0

[Event "13th Senioren-Cup Tegernsee 2025"]
[Site "Rottach-Egern"]
[Date "2025.03.29"]
[Round "1.9"]
[White "Willin, Bernhard"]
[Black "Strobel, Walter"]
[Result "0-1"]
[Annotator "NA RC"]
[ECO "D94"]
[WhiteElo "1876"]
[BlackElo "2148"]
[PlyCount "154"]
[EventDate "2025.03.25"]
[EventType "swiss"]
[EventCountry "GER"]
[SourceTitle "playchess.com"]
[Source "ChessBase"]
[SourceQuality "1"]
[TimeControl "9000+30"]

1. d4 Nf6 2. c4 g6 3. Nc3 d5 4. Nf3 Bg7 5. e3 O-O 6. Be2 c5 7. dxc5 Qa5 8. cxd5 Nxd5 9. Bd2 Nxc3 10. bxc3 Qxc5 11. Qc2 Nd7 12. O-O Qc7 13. Rfd1 Nb6 14. Rac1 Bd7 15. Qe4 Ba4 16. Rf1 Rfd8 17. Be1 Rac8 18. Qb4 Qd6 19. c4 Qxb4 20. Bxb4 Bb2 21. Rb1 Bf6 22. Rfc1 Nd7 23. c5 Re8 24. Nd2 Bc6 25. Bg4 h5 26. Bf3 Ne5 27. Bxc6 Rxc6 28. Ne4 Bg7 29. Rd1 Rec8 30. Kf1 Kf8 31. Ke2 Ke8 32. Bc3 f5 33. Bxe5 Bxe5 34. Nd2 Rxc5 35. Nf3 b6 36. Rd2 Bf6 37. Rb3 Rc2 38. Kd1 Rc1+ 39. Ke2 Ra1 40. Nd4 Bxd4 41. exd4 Kd7 42. h4 Rac1 43. Kf3 Ke6 44. Kf4 Kf6 45. Re3 R1c4 46. Kg3 Rd8 47. Red3 Rd5 48. Kf3 Ra4 49. a3 Rda5 50. Ra2 e6 51. Ke3 b5 52. g3 Ra6 53. Rb2 Rxa3 54. Rxb5 Rxd3+ 55. Kxd3 Ra3+ 56. Ke2 a5 57. Rc5 g5 58. hxg5+ Kxg5 59. Re5 Kf6 60. Kd2 Ra1 61. Ke2 a4 62. Ra5 a3 63. Kf3 a2 64. Kg2 Ke7 65. Kf3 Kd6 66. Kf4 Kc6 67. f3 Kb6 68. Ra8 Kb5 69. Ra7 Kc4 70. Ra8 Kxd4 71. Rd8+ Kc5 72. Ra8 Kc6 73. Ra3 Kd7 74. Ra7+ Kd6 75. Ra5 Ke7 76. Ra8 Kf7 77. Ra7+ Kf6 0-1

[Event "13th Senioren-Cup Tegernsee 2025"]
[Site "Rottach-Egern"]
[Date "2025.03.29"]
[Round "1.10"]
[White "Kolthoff, Siegmund"]
[Black "Samisch, Romuald"]
[Result "1-0"]
[Annotator "NA"]
[ECO "D31"]
[WhiteElo "2121"]
[BlackElo "1870"]
[PlyCount "74"]
[EventDate "2025.03.25"]
[EventType "swiss"]
[EventCountry "GER"]
[SourceTitle "playchess.com"]
[Source "ChessBase"]
[SourceQuality "1"]
[TimeControl "9000+30"]

1. d4 d5 2. c4 e6 3. Nc3 a6 4. cxd5 exd5 5. Nf3 c6 6. Bf4 Bd6 7. Bg3 Ne7 8. e3 Bf5 9. Ne5 O-O 10. Bd3 Qc7 11. Rc1 Nd7 12. Nxd7 Qxd7 13. Bxd6 Qxd6 14. O-O Qg6 15. Bxf5 Nxf5 16. b4 Nd6 17. Qc2 Rfe8 18. Qxg6 hxg6 19. Na4 Nc4 20. Nc5 Re7 21. Rc2 f5 22. h4 Kf7 23. Ra1 Kf6 24. a4 a5 25. bxa5 Rxa5 26. Rca2 g5 27. hxg5+ Kxg5 28. g3 b5 29. axb5 Rxa2 30. Rxa2 cxb5 31. Ra8 Nd2 32. Rb8 Ra7 33. Kg2 Kg4 34. Rxb5 Nc4 35. Nd3 Ra2 36. Ne5+ Nxe5 37. dxe5 Rd2 1-0